[Event "Early-Titled-Tuesday-Blitz-September-05-2023"]
[Site "Chess.com"]
[Date "2023.09.05"]
[Round "7"]
[White "NovozhilovSemen"]
[Black "RobertoJBM"]
[Result "0-1"]
[WhiteElo "2577"]
[BlackElo "2804"]
[TimeControl "180+1"]
[EndTime "9:17:44 PDT"]
[Termination "RobertoJBM won by resignation"]

1. d4 d5 2. c4 c6 3. cxd5 cxd5 4. Bg5 h6 5. Bh4 Qb6 6. Qd2 Nc6 7. e3 Bf5 8. Nc3 e6 9. Nf3 Be7 10. Be2 Bxh4 11. Nxh4 Bh7 12. O-O Nf6 13. Bd3 Bxd3 14. Qxd3 O-O 15. Qe2 Rac8 16. f4 Rfe8 17. Nf3 Na5 18.
Rac1 Nc4 19. b3 Nd6 20. Ne5 Qa5 21. Na4 Nfe4 22. Qd3 f6 23. Nf3 Qb5 24. Qxb5 Nxb5 25. g4 b6 26. h4 Kf7 27. Kh2 Ke7 28. Kg2 Na3 29. g5 h5 30. Rfd1 Nc2 31. Kh2 Nxe3 32. Rg1 Nf5 33. Nb2 Kd7 34. Nd3 Rc3 35. Rxc3 Nxc3 36. gxf6 gxf6 37. Nf2 Rc8 38. Rg6 Ke7 39. Rg2 Nxa2 40. Nd3 Nc1 41. Nxc1 Rxc1 42. Ra2 a5 43. Rb2 Rc3 44. Kg2 Kd6 45. Kf2 Kc6 46. Rb1 Kd6 47.
Rb2 b5 48. Rb1 Kd7 49. Rb2 Rc1 50. Ra2 Rc3 51. Rxa5 Rxb3 52. Ra7+ Ke8 53. Rh7 Kf8 54. Rxh5 Kg7 55. Nh2 Nxd4 56. Ng4 Nf5 57. Nh2 Rb2+ 58.
Kg1 Rxh2 59. Kxh2 b4 60. Rxf5 exf5 61. h5 b3 62. Kg3 0-1

[Event "Early-Titled-Tuesday-Blitz-September-05-2023"]
[Site "Chess.com"]
[Date "2023.09.05"]
[Round "7"]
[White "bascheyaro"]
[Black "SCIM"]
[Result "1-0"]
[WhiteElo "2813"]
[BlackElo "2618"]
[TimeControl "180+1"]
[EndTime "9:17:47 PDT"]
[Termination "bascheyaro won by resignation"]

1. d4 Nf6 2. Nf3 g6 3. Bf4 Bg7 4. e3 d6 5. Nbd2 c5 6. Bd3 O-O 7. O-O Nc6 8. c3 cxd4 9. exd4 e5 10. Be3 Re8 11. dxe5 dxe5 12. Ne4 Bg4 13. Nxf6+ Qxf6 14. Be4 Bf5 15. Bg5 Qe6 16. Bd5 Qd7 17. Nh4 Be6 18. Bxe6 Qxe6 19. Re1 h6 20. Be3 Rad8 21. Qb3 Rd7 22.
Red1 Qxb3 23. axb3 Red8 24. Rxd7 Rxd7 25. Kf1 e4 26. g3 a6 27. Ke2 Ne5 28. Ra4 f5 29. Rd4 Kf7 30. Rxd7+ Nxd7 31. f3 exf3+ 32. Nxf3 Ke6 33. h3 g5 34. Bd4 Bxd4 35. Nxd4+ Ke5 36. Nf3+ Ke4 37. h4 Ne5 38. hxg5 hxg5 39. Nxg5+ Kd5 40. Nf3 Nc6 41. Ke3 b5 42. Kf4 Na5 43. Nd2 Ke6 44. b4 Nc6 45. Nb3 Kd5 46. Kxf5 Kc4 47. Nd2+ Kd3 48.
Nf3 Kc2 49. g4 Kxb2 50. Nd4 Ne7+ 51. Ke6 Ng8 52. Nc6 Kxc3 53. g5 Kc4 54. Kf7 a5 55. bxa5 b4 56. Nxb4 Kb5 57. Kxg8 Kxa5 58. Kf7 Kb5 59. g6 1-0

[Event "Early-Titled-Tuesday-Blitz-September-05-2023"]
[Site "Chess.com"]
[Date "2023.09.05"]
[Round "7"]
[White "jcmesafischer"]
[Black "Iunusovnuriddin"]
[Result "0-1"]
[WhiteElo "2456"]
[BlackElo "2332"]
[TimeControl "180+1"]
[EndTime "9:17:49 PDT"]
[Termination "Iunusovnuriddin won by resignation"]

1. Nf3 Nf6 2. d4 g6 3. c4 Bg7 4.
Nc3 O-O 5. e4 d6 6. Be2 e5 7.
Be3 Ng4 8. Bg5 f6 9. Bd2 Nh6 10. h4 Bg4 11. d5 Nd7 12. Be3 f5 13. Ng5 Bxe2 14. Qxe2 Re8 15. Ne6 Rxe6 16. dxe6 Nf8 17.
Bg5 Qe8 18. e7 Ne6 19. Nd5 c6 20. Ne3 f4 21. Ng4 Nxg4 22. Qxg4 Nd4 23. O-O-O h6 24. Rxd4 exd4 25. Bxf4 Qxe7 26. Qxg6 Qf7 27. Qxf7+ Kxf7 28. Bxd6 c5 29. f4 Ke6 30. Bxc5 Rc8 31. Ba3 Rxc4+ 32.
Kd2 b5 33. b3 Rc3 34. Bb2 Rg3 35. f5+ Ke5 36. Re1 Rxg2+ 37. Re2 Rg4 38. Kd3 Rg3+ 39.
Kd2 Rg4 40. Kd3 Rg3+ 41. Kd2 h5 42. Bc1 Bh6+ 43. Kd1 Rg1+ 44. Re1 Rxe1+ 45. Kxe1 Bxc1 46. Kd1 Bh6 47. Kc2 Bg7 48. a3 Bf6 49. a4 bxa4 50. Kd3 Bxh4 51. bxa4 Bf6 52. a5 h4 53. Ke2 h3 54. Kf3 d3 55. Kg3 d2 56. Kxh3 d1=Q 57. Kg3 Qd4 58. Kg2 Qxe4+ 0-1

[Event "Early-Titled-Tuesday-Blitz-September-05-2023"]
[Site "Chess.com"]
[Date "2023.09.05"]
[Round "7"]
[White "blitzking1729"]
[Black "DanielDardha2005"]
[Result "1-0"]
[WhiteElo "2779"]
[BlackElo "2942"]
[TimeControl "180+1"]
[EndTime "9:17:51 PDT"]
[Termination "blitzking1729 won by resignation"]

1. c4 c6 2. Nf3 d5 3. e3 Nf6 4. Nc3 a6 5. Be2 Bf5 6. Qb3 b5 7. cxd5 cxd5 8. a4 b4 9. Qxb4 Nc6 10. Qb3 e5 11. O-O d4 12. exd4 exd4 13. Re1 Be7 14.
Bc4 O-O 15. Nd5 Nxd5 16. Bxd5 Rb8 17. Qc4 Nb4 18. Be4 Bxe4 19. Rxe4 d3 20. b3 Rc8 21. Qd4 Qxd4 22. Nxd4 Bf6 23. Rb1 Rfe8 24. Rxe8+ Rxe8 25. Ba3 Nc2 26. Nxc2 dxc2 27. Rc1 Re2 28. h3 Rxd2 29. Kh2 Rxf2 30. Kg3 Rd2 31. Bb4 Re2 32. Kf3 Re8 33. Rxc2 h5 34. Bd6 Bd4 35. Bf4 Rd8 36. Rd2 Bf6 37.
Rxd8+ Bxd8 38. Ke4 Kf8 39. Kd5 Ke7 40. b4 Kd7 41. Be5 g5 42. Bd4 g4 43. hxg4 hxg4 44. b5 axb5 45. axb5 Bc7 46. b6 Bg3 47. Be5 Bxe5 48.
Kxe5 Kc6 49. Kf6 Kxb6 50. Kxf7 Kc5 51. Kg6 Kd5 52. Kg5 g3 53. Kg4 Ke6 54. Kxg3 Kf5 55. Kh4 Kf6 56. Kh5 Kf7 57. Kh6 Ke6 58. g4 Kf7 59. g5 Kg8 60. Kg6 Kh8 61. Kf7 1-0

[Event "Early-Titled-Tuesday-Blitz-September-05-2023"]
[Site "Chess.com"]
[Date "2023.09.05"]
[Round "7"]
[White "SashaKuzhilniy"]
[Black "Herman-NY"]
[Result "1-0"]
[WhiteElo "2624"]
[BlackElo "2492"]
[TimeControl "180+1"]
[EndTime "9:17:54 PDT"]
[Termination "SashaKuzhilniy won by checkmate"]

1. b3 d5 2. Bb2 Bg4 3. h3 Bh5 4. c4 d4 5. Nf3 Bxf3 6. gxf3 e5 7.
d3 a5 8. a3 Nc6 9. Nd2 f5 10. h4 Nf6 11. h5 Bc5 12. Bh3 Ne7 13. Qc2 Qd6 14. Kd1 O-O 15. h6 g6 16. Kc1 Ra6 17.
Kb1 Rfa8 18. Ka2 Nc6 19. Nf1 a4 20. b4 Bxb4 21. Nd2 Bc5 22. Rhb1 Qf8 23. Bc1 b6 24. f4 exf4 25. Bg2 Qd6 26. Nf3 Re8 27. Ng5 Kf8 28. Rb5 Na7 29. Rbb1 Qe5 30. Bf3 Nc8 31. Nh3 Qe7 32. Nxf4 Nd6 33. Nh3 Ng8 34. Bg5 Qe5 35. Bf4 Qf6 36. Ng5 Qe7 37. Bd5 Nf6 38. Ne6+ Qxe6 39. Bxe6 Rxe6 40. Bxd6+ cxd6 41. Qd2 Ra7 42. Rb2 Rae7 43. Rab1 Ng4 44. f3 Nf6 45. Qg5 Kf7 46. Qg2 Rxe2 47. Rxe2 Re3 48. Rxe3 dxe3 49. d4 Nh5 50. Qe2 Nf4 51. Qd3 e2 52. dxc5 e1=Q 53.
Rxe1 Nxd3 54. Rd1 Nxc5 55. Rxd6 Ne6 56. Rxb6 Kf6 57. Kb2 Ke5 58. Kc3 Ng5 59. f4+ Kxf4 60. c5 Kg4 61. c6 Ne6 62. Rb7 Nd8 63. Rxh7 Nxc6 64. Rc7 Ne5 65. h7 f4 66. h8=Q Kf5 67. Rc5 Kg4 68. Qxe5 g5 69. Qxg5+ Kh3 70. Rf5 Kh2 71.
Qxf4+ Kg1 72. Rg5+ Kh1 73. Qh4# 1-0

[Event "Early-Titled-Tuesday-Blitz-September-05-2023"]
[Site "Chess.com"]
[Date "2023.09.05"]
[Round "7"]
[White "aakankshachess"]
[Black "Mikedannnn"]
[Result "0-1"]
[WhiteElo "2457"]
[BlackElo "2616"]
[TimeControl "180+1"]
[EndTime "9:17:57 PDT"]
[Termination "Mikedannnn won on time"]

1. e4 c5 2. Nf3 e6 3. d4 cxd4 4.
Nxd4 Nc6 5. Nb5 d6 6. c4 Nf6 7. N1c3 a6 8. Na3 b6 9. Be2 Nb8 10. Be3 Bb7 11. f3 Nbd7 12. O-O Be7 13. Rc1 Rc8 14. Nc2 Qc7 15. Nd4 O-O 16. b3 Qb8 17. Bd3 Bd8 18. Kh1 Re8 19. Bb1 d5 20. cxd5 exd5 21.
Nf5 dxe4 22. fxe4 Bc7 23. Bg1 Be5 24. Qd2 Nc5 25. Qg5 Ne6 26. Qe3 Ng4 27. Qh3 Nf6 28. Nd5 Rxc1 29. Rxc1 g6 30. Nfe7+ Kg7 31. Be3 h5 32.
Nxf6 Bxf6 33. Nd5 Bxd5 34. exd5 Nd4 35. Rf1 Qe5 36. Bxd4 Qxd4 37. Qf3 Re3 38. Qf2 Qe5 39. h3 Re2 40. Qf3 Rd2 41. Be4 Rd4 42. Bb1 Rxd5 43. a4 Rd4 44. b4 Rxb4 45. Ba2 Rxa4 46. Bxf7 Kxf7 47. Qb3+ Qe6 48. Qxa4 b5 49. Qb4 Kg7 50.
Qc5 Be7 51. Qc7 b4 52. Qb7 a5 0-1

[Event "Early-Titled-Tuesday-Blitz-September-05-2023"]
[Site "Chess.com"]
[Date "2023.09.05"]
[Round "7"]
[White "gm_rashid"]
[Black "DawidCzerw"]
[Result "1/2-1/2"]
[WhiteElo "2400"]
[BlackElo "2508"]
[TimeControl "180+1"]
[EndTime "9:18:00 PDT"]
[Termination "Game drawn by repetition"]

1. e4 c5 2. Nf3 Nc6 3. d4 cxd4 4.
Nxd4 Nf6 5. Nc3 e5 6. Ndb5 d6 7. Bg5 a6 8. Na3 b5 9. Nd5 Be7 10. Bxf6 Bxf6 11. c3 O-O 12. Bd3 Be6 13. Nc2 Bxd5 14.
exd5 Ne7 15. Qf3 Bg5 16. h4 Bh6 17. g4 g6 18. h5 Bg5 19. hxg6 fxg6 20. Qh3 Rf7 21.
Nb4 Qb6 22. Rh2 Raf8 23. Nc6 Nxc6 24. Bxg6 h6 25. Bxf7+ Rxf7 26. dxc6 Qxc6 27. Qd3 d5 28. Rd1 d4 29. cxd4 e4 30. Qb3 Qd7 31. Rg2 Kg7 32. d5 Rf3 33. Qc2 e3 34. fxe3 Qf7 35. Qc3+ Kg8 36. Rd3 Rh3 37. Qc8+ Kg7 38. Qf5 Qc7 39. Rc3 Rxe3+ 40. Rxe3 Qc1+ 41. Ke2 Qxe3+ 42. Kf1 Qc1+ 43.
Kf2 Qxb2+ 44. Kg3 Qc3+ 45. Kh2 Qd4 46. Qe6 Bf4+ 47. Kh1 Qd1+ 48. Rg1 Qf3+ 49. Rg2 Qh3+ 50. Kg1 Be3+ 51. Kf1 Qf3+ 52. Ke1 Qxg2 53. Qxe3 Qxd5 54. Qc3+ Kg6 55. Qc2+ Kg5 56. Qc1+ Kxg4 57. Qxh6 Qe4+ 58. Kd2 Qg2+ 59. Kd3 Qxa2 60. Qg6+ Kf4 61. Qf6+ Kg3 62. Qg5+ Kf3 63. Qf5+ Kg2 64. Qg4+ Kf1 65. Qf3+ Qf2 66. Qh1+ Qg1 67. Qf3+ Qf2 68. Qh1+ Qg1 69. Qf3+ Qf2 1/2-1/2

[Event "Early-Titled-Tuesday-Blitz-September-05-2023"]
[Site "Chess.com"]
[Date "2023.09.05"]
[Round "7"]
[White "TioCridineno"]
[Black "bazar-wokzal"]
[Result "0-1"]
[WhiteElo "2341"]
[BlackElo "2523"]
[TimeControl "180+1"]
[EndTime "9:18:00 PDT"]
[Termination "bazar-wokzal won on time"]

1. e4 Nc6 2. Nf3 d5 3. exd5 Qxd5 4. Nc3 Qa5 5. Bc4 Bg4 6. h3 Bh5 7. g4 Bg6 8. d3 O-O-O 9. Bd2 Nf6 10. Qe2 e5 11.
O-O-O Nd4 12. Qxe5 Bb4 13. Qxa5 Bxa5 14. Nxd4 Rxd4 15.
f4 Bxc3 16. bxc3 Rxc4 17. dxc4 Be4 18. Rhe1 Bf3 19. Re7 Bxd1 20. Kxd1 Rf8 21. f5 Kd8 22. Re2 Re8 23. Bg5 Rxe2 24. Kxe2 Kd7 25. Kd3 Kc6 26. Bxf6 gxf6 27. Kd4 Kb6 28. Kd5 Ka5 29. h4 h6 30. Ke4 Ka4 31. Kf4 Ka3 32. g5 fxg5+ 33. hxg5 hxg5+ 34. Kxg5 Kxa2 35. Kf6 a5 36. Kxf7 a4 37.
Kg7 a3 38. f6 Kb2 39. f7 a2 40. f8=Q a1=Q 41. Qb4+ Kxc2 42. Qxb7 Qxc3+ 43. Kf7 Qxc4+ 44. Ke7 c5 45. Kd6 Qd4+ 46. Ke6 c4 47. Qg2+ Kc3 48. Qf3+ Qd3 49. Qf6+ Kc2 50. Qa1 c3 51. Qa2+ Kd1 52. Qa1+ Kd2 53. Qa5 Qc4+ 54. Kf6 Kd3 55. Qf5+ Qe4 56. Qf1+ Kd2 57. Qf2+ Qe2 58. Qd4+ Qd3 59.
Qf2+ Kc1 60. Qe1+ Kb2 61. Qe5 Qf3+ 62. Kg6 Qg4+ 63. Kf6 Qc4 64. Qh2+ Kb3 65. Qb8+ Ka2 66. Qa7+ Kb2 67. Qb6+ Qb3 68. Qf2+ c2 69. Ke5 Qc3+ 70.
Ke4 Kb1 71. Qb6+ Qb2 0-1

[Event "Early-Titled-Tuesday-Blitz-September-05-2023"]
[Site "Chess.com"]
[Date "2023.09.05"]
[Round "7"]
[White "Hamisandwich"]
[Black "platy3"]
[Result "0-1"]
[WhiteElo "2652"]
[BlackElo "2912"]
[TimeControl "180+1"]
[EndTime "9:18:01 PDT"]
[Termination "platy3 won by resignation"]

1. a3 Nf6 2. d4 d5 3. e3 c6 4. c4 Bf5 5. Nc3 e6 6. Bd3 Bg6 7.
Nge2 Nbd7 8. cxd5 exd5 9. f3 c5 10. dxc5 Bxd3 11. Qxd3 Nxc5 12. Qb5+ Qd7 13. Qxd7+ Kxd7 14.
Nd4 Bd6 15. Ke2 Rhe8 16. Bd2 g6 17. Rac1 a6 18. b4 Ne6 19. Nxe6 Rxe6 20. Kd3 Rae8 21. Ne2 Be5 22. Nd4 R6e7 23. Rc2 h5 24. h3 Rc8 25. Rhc1 Rxc2 26. Rxc2 Re8 27. Be1 Nh7 28. Rc5 Nf6 29. Bh4 b6 30. Rc2 Ng8 31. Nc6 Bg7 32.
Bg3 Nh6 33. Nb8+ Ke7 34. Rc7+ Kf8 35. Nd7+ Kg8 36. Nxb6 Nf5 37. Bf2 d4 38. e4 Nd6 39.
a4 f5 40. exf5 Nxf5 41. Rc8 Kf7 42. b5 axb5 43. a5 Re7 44. a6 Ra7 45. Ra8 Rxa8 46. Nxa8 Ne7 47. Nc7 Nc6 48. Nxb5 Nb4+ 49. Kc4 Nxa6 50.
Bxd4 Bh6 51. Kd3 Nb4+ 52. Ke4 Nc6 53. Nc3 Ne7 54. Nd5 Nf5 55. Bf2 Nd6+ 56. Kd3 Nf5 57. Ke4 Nd6+ 58. Kd3 Nf5 59. Ne3 Bxe3 60. Bxe3 Nh4 61.
Ke2 Nxg2 62. Bg5 Ke6 63. Kf2 Kf5 64. Kxg2 Kxg5 65. Kg3 h4+ 66. Kg2 Kf4 67. Kf2 g5 68. Kg2 Ke3 69. Kg1 Kxf3 70. Kh2 Kf2 0-1

[Event "Early-Titled-Tuesday-Blitz-September-05-2023"]
[Site "Chess.com"]
[Date "2023.09.05"]
[Round "7"]
[White "Tugrik1969"]
[Black "suyu28"]
[Result "1-0"]
[WhiteElo "2510"]
[BlackElo "2714"]
[TimeControl "180+1"]
[EndTime "9:18:01 PDT"]
[Termination "Tugrik1969 won by checkmate"]

1. e4 c6 2. d4 d5 3. exd5 cxd5 4. Bd3 Nc6 5. c3 Qc7 6. h3 e6 7. Nf3 Bd6 8. O-O Nge7 9. Re1 O-O 10. a4 f6 11. Na3 a6 12. c4 dxc4 13. Nxc4 Bb4 14.
Bd2 Bxd2 15. Qxd2 Rd8 16. a5 Nf5 17. Bxf5 exf5 18. Nb6 Rb8 19. d5 Na7 20. Qb4 Nb5 21. Rac1 Qd6 22. Qxd6 Nxd6 23. Rc7 Ne8 24. Rce7 Kf8 25.
Nd4 Nd6 26. Rc7 Ne8 27. Rc5 Bd7 28. Ne6+ Bxe6 29. dxe6 Ke7 30. b4 Rd4 31. Rxf5 Nc7 32. Rc5 Nb5 33. Nd5+ Kd6 34. Ne3 Rxb4 35. Rh5 Nd4 36.
Rxh7 Re8 37. Rxg7 Rxe6 38. Rd1 Kc6 39. Rc1+ Kd6 40. Rd1 Ke5 41. Kf1 f5 42. Rf7 Rc6 43.
f4+ Ke6 44. Rh7 Rc3 45. Rh6+ Kf7 46. Nd5 Nc6 47. Nxc3 Rxf4+ 48. Kg1 Rc4 49. Rxc6 Rxc6 50. Nd5 Rc5 51. Ne3 Rxa5 52. Rd7+ Ke6 53. Rxb7 Ra2 54. h4 Re2 55. Nc4 Re4 56. Na5 f4 57. Rb6+ Kf5 58. h5 Ra4 59. Rxa6 Kg4 60. h6 Kg3 61. Rg6+ Kh4 62. h7 f3 63. h8=Q# 1-0

[Event "Early-Titled-Tuesday-Blitz-September-05-2023"]
[Site "Chess.com"]
[Date "2023.09.05"]
[Round "7"]
[White "Aleksandar-Topalov"]
[Black "ExchangeAB"]
[Result "1/2-1/2"]
[WhiteElo "2359"]
[BlackElo "2422"]
[TimeControl "180+1"]
[EndTime "9:18:02 PDT"]
[Termination "Game drawn by repetition"]

1. b3 d5 2. Bb2 Nf6 3. Nf3 Bf5 4. g3 h6 5. Bg2 e6 6. O-O c6 7. d3 Bh7 8. Nbd2 Nbd7 9. c4 Be7 10. a3 O-O 11. b4 a5 12. Qb3 Qc7 13. Rfc1 Rfc8 14.
Rab1 axb4 15. axb4 dxc4 16. Nxc4 Nd5 17. b5 c5 18. b6 N7xb6 19. Nxb6 Qxb6 20. Qxb6 Nxb6 21. Bxg7 Kxg7 22. Rxb6 Rc7 23. Nd2 Ra2 24. Rd1 Bg5 25. f4 Bf6 26. Kf1 Bf5 27. Rxb7 Rxb7 28. Bxb7 Bh3+ 29.
Bg2 Bxg2+ 30. Kxg2 Bc3 31. Ne4 Rxe2+ 32. Kh3 Rc2 33.
Nxc5 Bd4 34. Ne4 Kg6 35. Nd2 h5 36. Nf3 Bf6 37. d4 Kf5 38. Ne5 Bxe5 39. dxe5 Kg6 40. Rd8 Kg7 41. Rd7 Kg6 42. Rd1 Kg7 43. Rh1 Kg6 44.
Kh4 Rd2 45. h3 Rd3 46. Rc1 Ra3 47. Rc8 Kg7 48. Rc7 Kg6 49. Rb7 Kg7 50. f5 exf5 51. e6 Kf6 52. exf7 Kg7 53. Rc7 Rf3 54. Ra7 f4 55. g4 hxg4 56. hxg4 Rg3 57. g5 Rg1 58. Kh5 f3 59. g6 f2 60. Ra8 Rh1+ 61. Kg4 Rg1+ 62. Kh4 Rh1+ 63. Kg3 f1=Q 64. Rg8+ Kh6 65.
Rh8+ Kg7 66. Rg8+ Kh6 67. Rh8+ Kg5 68. Rxh1 Qxh1 69. f8=Q Qg1+ 70. Kh3 Qh1+ 71. Kg3 Qg1+ 72. Kh3 Qh1+ 73. Kg3 1/2-1/2

[Event "Early-Titled-Tuesday-Blitz-September-05-2023"]
[Site "Chess.com"]
[Date "2023.09.05"]
[Round "7"]
[White "Haykoooo0o"]
[Black "Yeremyan_ChessMate"]
[Result "0-1"]
[WhiteElo "2495"]
[BlackElo "2673"]
[TimeControl "180+1"]
[EndTime "9:18:04 PDT"]
[Termination "Yeremyan_ChessMate won on time"]

1. b3 Nf6 2. Bb2 g6 3. e4 d6 4.
Nf3 Bg7 5. Be2 O-O 6. d3 c5 7. O-O e5 8. Nc3 h6 9. a3 Nc6 10. Nd2 Be6 11. Nc4 Nd4 12. Ne3 Qd7 13. b4 b6 14.
Ncd5 Bxd5 15. exd5 Nxe2+ 16. Qxe2 Nh5 17. Qg4 Qe8 18.
Nc4 Rd8 19. bxc5 bxc5 20. Bc3 f5 21. Qd1 Qe7 22. Rb1 Rd7 23. a4 Qg5 24. Bd2 Qh4 25.
a5 Qd4 26. Be3 Qxd5 27. f3 Qe6 28. Nd2 Rc8 29. Nb3 Nf6 30. Qd2 Kh7 31. c4 Qe8 32. Rfe1 g5 33. Qc2 Qg6 34. a6 f4 35.
Bf2 g4 36. Kf1 Qh5 37. Qd1 Qxh2 38. fxg4 Qh1+ 39. Bg1 Qh4 40. Qf3 Nxg4 41. Qe4+ Kh8 42. Nd2 Rf8 43. Nf3 Qd8 44. Rb7 Nf6 45. Qc6 Rff7 46.
Reb1 Kh7 47. Nh4 Rc7 48. Qf3 d5 49. Nf5 dxc4 50. dxc4 e4 51. Qxf4 Qd3+ 52. Kf2 Rxb7 53. axb7 Ng4+ 54. Qxg4 Bd4+ 55. Ke1 Qxb1+ 56. Kd2 Qb2+ 57.
Kd1 Bxg1 58. Qxe4 Qxb7 59. Qc2 Qd7+ 60. Kc1 Qxf5 61. Qa4 Qf4+ 62. Kb2 Qe5+ 63. Ka2 Qf6 64. Qe8 Bd4 65. Kb3 Qb6+ 66. Kc2 Qb2+ 67. Kd3 Qc3+ 68. Ke2 Qe3+ 69. Qxe3 Bxe3 0-1

[Event "Early-Titled-Tuesday-Blitz-September-05-2023"]
[Site "Chess.com"]
[Date "2023.09.05"]
[Round "7"]
[White "Doomfist26"]
[Black "Gareth-Bale11"]
[Result "1-0"]
[WhiteElo "2631"]
[BlackElo "2775"]
[TimeControl "180+1"]
[EndTime "9:18:11 PDT"]
[Termination "Doomfist26 won by resignation"]

1. e4 c5 2. Nf3 e6 3. d4 cxd4 4. Nxd4 a6 5. c4 Qc7 6. Nc3 Nf6 7.
a3 b6 8. f4 d6 9. Bd3 Bb7 10.
f5 e5 11. Nb3 Nbd7 12. O-O h5 13. Kh1 Be7 14. Bd2 h4 15. Rc1 Nc5 16. Nxc5 dxc5 17.
Nd5 Bxd5 18. cxd5 b5 19. Qe2 c4 20. Bb1 Qb7 21. Bc3 Bd6 22. Rcd1 Kf8 23. Be1 Qe7 24. Bc2 Ne8 25. a4 Bc5 26. b3 Nd6 27. bxc4 bxc4 28. Rb1 a5 29. Qg4 Qf6 30. Bd2 Qd8 31. Bg5 f6 32. Bxh4 Qe8 33. Bg3 Qh5 34. Qxh5 Rxh5 35. Bf2 Bb4 36. Be1 Rb8 37. g3 Ke7 38. Kg2 Rhh8 39. Bf2 Rb7 40. g4 Rhb8 41. h4 Nf7 42. Kf3 Kd6 43. Be3 Bc5 44. Bd2 Bb4 45. Be3 Bc5 46.
Bd2 Rb2 47. Bxa5 Bd4 48. Rxb2 Rxb2 49. Rc1 Ra2 50. Bb4+ Kc7 51. Bf8 Nh6 52. Bxg7 Ra3+ 53. Ke2 Nxg4 54. Bd3 c3 55. Kf3 Ne3 56. Bxf6 Kd6 57. h5 c2 58. h6 Nxd5 59. h7 Rxd3+ 60. Ke2 Re3+ 61. Kd2 Bc3+ 62. Kxc2 Re2+ 63. Kb3 Rb2+ 64.
Kc4 Rb4+ 65. Kd3 Rd4+ 66. Kc2 Rd2+ 67. Kb3 Rb2+ 68. Ka3 Rh2 69. h8=Q Rxh8 70. Bxh8 1-0

[Event "Early-Titled-Tuesday-Blitz-September-05-2023"]
[Site "Chess.com"]
[Date "2023.09.05"]
[Round "7"]
[White "Brave_spirit12"]
[Black "Dixit_Nikhil"]
[Result "0-1"]
[WhiteElo "2776"]
[BlackElo "2513"]
[TimeControl "180+1"]
[EndTime "9:18:13 PDT"]
[Termination "Dixit_Nikhil won by resignation"]

1. e4 a6 2. d4 b6 3. Nf3 Bb7 4. Bd3 g6 5. O-O Bg7 6. c4 e6 7. Nc3 Ne7 8. Bf4 O-O 9. Qd2 d6 10. Bh6 Nbc6 11. Bxg7 Kxg7 12. Rae1 e5 13. d5 Nb8 14.
Ne2 Bc8 15. Ng3 Nd7 16. Nh4 Ng8 17. Nf3 Qf6 18. Bc2 h6 19. h3 a5 20. Nh2 Qf4 21. Qc3 h5 22. Re3 h4 23. Rf3 Qg5 24. Ne2 Ngf6 25.
Re3 Nh5 26. f4 Qe7 27. Ng4 f6 28. f5 g5 29. g3 Nxg3 30. Nxg3 hxg3 31. Rxg3 Rh8 32.
Kf2 Nc5 33. Qe3 Bd7 34. Rfg1 Rag8 35. b3 Kf8 36. a3 Be8 37. b4 Nb7 38. Bd3 Bh5 39.
Nh2 Be8 40. Nf3 Bh5 41. Nh2 Be8 42. Be2 Rh4 43. Nf3 Rf4 44. Ke1 Bh5 45. Kd2 Bxf3 46. Bxf3 Rh4 47. Bg4 Kg7 48. Kc2 Ra8 49. Be2 Nd8 50.
Kb3 Nf7 51. Rg4 Rxg4 52. Rxg4 axb4 53. axb4 Qd7 54. b5 c5 55. dxc6 Qa7 56. Kc2 Qa1 57. Qc1 Ra2+ 58. Kd1 Qd4+ 59. Ke1 Ra1 60. Qxa1 Qxa1+ 61. Kf2 Qd4+ 62. Kf3 d5 63. exd5 e4+ 64. Kg2 Ne5 65.
Rg3 Qd2 66. Kf1 Nd3 67. Bxd3 exd3 68. c7 Qe2+ 69. Kg1 d2 0-1

[Event "Early-Titled-Tuesday-Blitz-September-05-2023"]
[Site "Chess.com"]
[Date "2023.09.05"]
[Round "7"]
[White "Angry_Twin"]
[Black "Druid24"]
[Result "0-1"]
[WhiteElo "2918"]
[BlackElo "2673"]
[TimeControl "180+1"]
[EndTime "9:18:14 PDT"]
[Termination "Druid24 won by resignation"]

1. e4 e5 2. Nf3 Qe7 3. Nc3 c6 4. d4 d6 5. a4 Nf6 6. Bc4 h6 7. h3 g5 8. Be3 Bg7 9. dxe5 dxe5 10. Qd3 Nbd7 11. Rd1 O-O 12. Qd6 Qxd6 13. Rxd6 Re8 14. Ke2 Bf8 15. Rdd1 Nc5 16. Nd2 Ne6 17. Nb3 Nf4+ 18.
Kf1 Be6 19. Bxe6 Nxe6 20. g3 b6 21. Ke2 Bb4 22. Kf3 Kf8 23. Ne2 Ke7 24. c3 Bd6 25.
Nd2 Bc7 26. Nc4 Red8 27. Nc1 h5 28. g4 hxg4+ 29. hxg4 Rxd1 30. Rxd1 Rh8 31. Nd3 Nd7 32. b4 f6 33. Kg2 Nf4+ 34. Bxf4 gxf4 35. f3 Nf8 36. Rh1 Rxh1 37. Kxh1 Ne6 38. Kg2 Ng5 39. Kf2 b5 40. axb5 cxb5 41. Na3 Bb6+ 42. Ke2 a6 43. c4 bxc4 44. Nxc4 Bd4 45. Na5 Kd6 46. Nb3 Bb6 47. Nbc5 Nh3 48. Kf1 Ng5 49. Ke2 Ne6 50.
Nxa6 Kc6 51. Nac5 Nxc5 52. bxc5 Bxc5 53. Kd2 Bd6 54. Kc3 Kb5 55. Kb3 Bc7 56. Nc1 Kc5 57. Kc3 Ba5+ 58. Kd3 Kb4 59. Ne2 Kb3 60. Ng1 Be1 61.
Ke2 Bh4 62. Kd3 Bf2 63. Nh3 Bh4 64. Kd2 Kc4 65. Ng1 Bf2 66. Ne2 Be3+ 67. Kc2 Bd4 68. Nc1 Bc3 69. Ne2 Bb4 70. Ng1 Kd4 71. Nh3 Ke3 72. g5 Be7 73. g6 Bf8 74. Ng1 Kf2 75. Nh3+ Kg2 76. Kd3 Kxh3 77. Kc4 Kg3 78. Kd5 Kxf3 79.
Ke6 Kxe4 80. Kf7 Bh6 0-1

[Event "Early-Titled-Tuesday-Blitz-September-05-2023"]
[Site "Chess.com"]
[Date "2023.09.05"]
[Round "7"]
[White "kasun_bole"]
[Black "slidingknight2775"]
[Result "0-1"]
[WhiteElo "2401"]
[BlackElo "2575"]
[TimeControl "180+1"]
[EndTime "9:18:17 PDT"]
[Termination "slidingknight2775 won by resignation"]

1. d4 Nf6 2. c4 e6 3. Nf3 d5 4. Nc3 a6 5. cxd5 exd5 6. Bg5 Be6 7. e3 Nbd7 8. Bd3 Bd6 9. a3 c6 10. Qc2 h6 11. Bh4 a5 12. Bg3 Qb8 13. Bf5 Bxg3 14.
hxg3 Qd6 15. Na4 g6 16. Bd3 Kf8 17. Rc1 Kg7 18. Nc5 Nxc5 19. Qxc5 Qxc5 20. Rxc5 Nd7 21. Rc1 a4 22. Kd2 Kf6 23. Rc2 Bf5 24. Bxf5 Kxf5 25.
Nh4+ Kf6 26. Nf3 Ra5 27. Ke2 Rb5 28. Ne1 h5 29. Nd3 Re8 30. Rd1 Ke6 31. Nc5+ Nxc5 32. dxc5 Ra8 33. Rd3 Raa5 34. Rdc3 Ke5 35. Kd3 Ra8 36.
Ke2 Rh8 37. Rd3 h4 38. gxh4 Rxh4 39. g3 Rh1 40. Rd4 Rb1 41. Rdd2 f5 42. Kf3 Rb3 43. g4 g5 44. gxf5 Kxf5 45. Ke2 g4 46. Rd4 R1xb2 47.
Rxb2 Rxb2+ 48. Kf1 Rb1+ 49. Kg2 Rb5 50. Rxa4 Rxc5 51.
Kg3 Rc4 52. Ra7 b5 53. Rf7+ Ke6 54. Rg7 Ra4 55. Rg6+ Kd7 56. Rg7+ Kd6 57. Rg6+ Kc7 58. Rxg4 Rxa3 59. Rg7+ Kd6 60. Rf7 b4 61. Rb7 c5 62. Kg2 b3 63. f4 c4 64. f5 Ke5 65.
Kf3 Kxf5 66. Rb5 Ke5 67. e4 b2+ 68. Kg4 Rb3 69. Rxd5+ Kxe4 70. Rc5 b1=Q 71. Rxc4+ Kd3 72. Rf4 Rb4 73. Kf5 Rxf4+ 74. Kxf4 Kd4 0-1

[Event "Early-Titled-Tuesday-Blitz-September-05-2023"]
[Site "Chess.com"]
[Date "2023.09.05"]
[Round "7"]
[White "AradNazari"]
[Black "Russian_berezka"]
[Result "1/2-1/2"]
[WhiteElo "2708"]
[BlackElo "2574"]
[TimeControl "180+1"]
[EndTime "9:18:23 PDT"]
[Termination "Game drawn by repetition"]

1. e4 e5 2. f4 d5 3. exd5 exf4 4. Nf3 Nf6 5. Bb5+ c6 6. dxc6 Nxc6 7. Nc3 Bd6 8. Qe2+ Qe7 9. b3 Qxe2+ 10. Nxe2 h6 11.
Bb2 O-O 12. O-O-O Nd5 13. Bxc6 bxc6 14. Ned4 Bd7 15. a3 a5 16. c4 Nf6 17. Rhe1 Rfe8 18. Rxe8+ Rxe8 19. Re1 Ne4 20. d3 Nc5 21. Rxe8+ Bxe8 22. Kc2 g5 23. b4 axb4 24. axb4 Na6 25. b5 cxb5 26. Nxb5 Be7 27. Nfd4 g4 28. Nf5 Bg5 29. Bd4 f3 30. gxf3 gxf3 31. Bf2 Bd7 32. Nfd4 Bg4 33. Nc6 Bf6 34. d4 Bf5+ 35. Kb3 Be4 36. d5 Kf8 37. Nd6 Bd3 38. Nb4 Nxb4 39. Kxb4 Be7 40. c5 Bxd6 41.
cxd6 Ke8 42. Kc3 Be2 43. Kd4 Kd7 44. Ke5 Bd3 45. Bc5 Bg6 46. h4 h5 47. Bf2 Bc2 48. Bg3 Bb3 49. Ke4 Bd1 50. Ke5 Bb3 51. Kd4 Ba2 52.
Ke4 Bb3 53. Kxf3 Bxd5+ 54. Kf4 Bb3 55. Kg5 Bd1 56. Kf6 Ke8 57. Bf4 Be2 58. Kg7 Bg4 59. Kf6 Bf3 60. Bg5 Bg4 61. Ke5 Be6 62. Bf6 Kd7 63.
Be7 Bg4 64. Kf6 Be6 65. Kg7 Ke8 66. Bf6 Bg4 67. Be5 Bd7 68. Bf4 Bg4 69. Kf6 Be6 70.
Kg5 Bg4 71. Bg3 Kd7 72. Kh6 Ke8 73. Bf4 Bf3 74. Kh7 Bg4 75. Kg8 Bf3 76. Kg7 Bg4 1/2-1/2